 Dungeon Crawl Stone Soup version 0.29-a0-283-ga02f740833 (webtiles) character file.

Game seed: 17834385942568456739

57 sammy202020 the Skirmisher (level 3, -3/29 HPs)
             Began as a Demonspawn Berserker on Mar 14, 2022.
             Was a Believer of Trog.
             Slain by Terence
             ... wielding a +3 trident of protection
              (9 damage)
             ... on level 3 of the Dungeon.
             The game lasted 00:03:13 (2723 turns).

sammy202020 the Skirmisher (Demonspawn Berserker)   Turns: 2723, Time: 00:03:13

Health: -3/29      AC:  5    Str: 17    XL:     3   Next: 73%
Magic:  3/3        EV: 12    Int: 10    God:    Trog [**....]
Gold:   109        SH:  0    Dex: 12    Spells: 2/2 levels left

rFire   . . .      SeeInvis .   m - +0 flail
rCold   . . .      Faith    .   (no shield)
rNeg    . . .      Spirit   .   h - +0 leather armour
rPois   .          Reflect  .   i - +0 helmet
rElec   .          Harm     .   (no cloak)
rCorr   .          Rampage  .   (no gloves)
Will    .....                   (no boots)
Stlth   +.........              e - amulet of magic regeneration
HPRegen 0.09/turn               (no ring)
MPRegen 0.56/turn               (no ring)

@: no status effects
A: rugged brown scales 1, magic regeneration
a: Renounce Religion, Berserk, Trog's Hand


You were on level 3 of the Dungeon.
You worshipped Trog.
Trog was pleased with you.
You visited 1 branch of the dungeon, and saw 3 of its levels.

You collected 109 gold pieces.

Inventory:

Hand Weapons
 a - a +0 mace
 m - a +0 flail (weapon)
Armour
 h - a +0 leather armour (worn)
 i - a +0 helmet (worn)
Jewellery
 e - an amulet of magic regeneration (around neck)
Scrolls
 d - a scroll of silence {unknown}
 f - 3 scrolls of teleportation {unknown}
 g - 2 scrolls of fog {unknown}
 l - 2 scrolls of identify {unknown}
Potions
 b - 2 potions of curing {unknown}
 c - 3 potions of degeneration {unknown}
 j - a potion of might {unknown}
 k - a potion of lignification {unknown}


   Skills:
 * Level 3.5 Fighting
 * Level 3.3 Maces & Flails
 * Level 2.5 Armour
 + Level 2.0 Dodging


You had 2 spell levels left.
You didn't know any spells.
Your spell library was empty.

Dungeon Overview and Level Annotations

Branches:
Dungeon (3/15)

Altars:

Annotations:
D:3 Terence


Innate Abilities, Weirdness & Mutations

You are partially covered in rugged brown scales. (AC +1, +3% HP)
You regenerate magic rapidly.


Message History

You hit Terence but do no damage.
Terence hits you with a +3 trident of protection.
Terence completely misses you.
You hit Terence.
Terence is lightly wounded.
Terence barely misses you.
You sock Terence!
Terence is heavily wounded.
Terence hits you with a +3 trident of protection.
You barely miss Terence.
Terence is heavily wounded.
Terence closely misses you.
You hit Terence but do no damage.
Terence is heavily wounded.
Terence looks scornfully at you. Terence barely misses you.
You barely miss Terence.
Terence is heavily wounded.
Terence completely misses you. Terence closely misses you.
You hit Terence.
Terence is severely wounded.
Terence closely misses you.
You barely miss Terence.
Terence is severely wounded.
Terence hits you with a +3 trident of protection.
You are too injured to fight recklessly!
You are too injured to fight recklessly!
You are too injured to fight recklessly!
You are too injured to fight recklessly!
You barely miss Terence.
Terence is severely wounded.
Terence hits you but does no damage.
You hit Terence but do no damage.
Terence is severely wounded.
Terence hits you with a +3 trident of protection!
* * * LOW HITPOINT WARNING * * *
You closely miss Terence.
Terence is severely wounded.
Terence hits you with a +3 trident of protection!
You die...

#.#######.######### #
#.#######.........#.##
#.................#...
####......................
#....................#....
#)##.................#....
#....####.....<...[.......
#############.....)....#.#
......@@.....#...#.##
############.#..## #
#.#...# #.#..... .........
........#. ....###..


You could see Terence.

Vanquished Creatures
  3 orcs (D:3)
  4 endoplasms
  A giant cockroach (D:2)
  3 goblins
  6 hobgoblins
  4 kobolds (D:1)
  4 quokkas
  7 ball pythons
  10 bats
  2 frilled lizards (D:1)
  5 rats
49 creatures vanquished.

Notes
Turn   | Place    | Note
-------+----------+-------------------------------------------
     0 | D:1      | sammy202020 the Demonspawn Berserker began the quest for
                  | the Orb.
     0 | D:1      | Reached XP level 1. HP: 18/18 MP: 1/1
   711 | D:1      | Gained mutation: You are partially covered in rugged brown
                  | scales. (AC +1, +3% HP) [demonic ancestry]
   711 | D:1      | Reached XP level 2. HP: 18/24 MP: 2/2
  1215 | D:1      | Reached ** piety under Trog
  1411 | D:1      | Gained mutation: You regenerate magic rapidly. [demonic
                  | ancestry]
  1411 | D:1      | Reached XP level 3. HP: 29/29 MP: 3/3
  1857 | D:2      | Found a faded altar of an unknown god.
  2708 | D:3      | Noticed Terence
  2723 | D:3      | Slain by Terence

Illustrated notes

Levels and vault maps discovered:
D:1:      dpeg_arrival_radiant, layout_basic
D:2:      layout_basic, ebering_ecumenical_altar_sacrificial
D:3:      layout_basic, gup_sewer_entry_bubbles, nicolae_figureground_pulse,
          uniq_terence

Skill      XL: |  1  2 |
---------------+-------+-----
Armour         | 2 |  2.5
Maces & Flails | 3 |  3.3
Dodging        | 2 |  2.0
Fighting       | |  3.5

Action                   || total
-------------------------++-------
Melee: Mace              ||   146
       Flail             ||    12
Invok: Berserk           ||     2
 Stab: Sleeping          ||     1
Armor: Animal skin       ||    32
       Leather armour    ||    32
Dodge: Dodged            ||   131

Table legend: (Time is in decaauts)
 A = Elapsed time spent in this place.
 B = Non-inter-level travel time spent in this place.
 C = Inter-level travel time spent in this place.
 D = Time resting spent in this place.
 E = Time spent auto-exploring this place.
 F = Levels seen in this place.
 G = Mean time per level.
                   A        B        C        D        E       F      G
               +--------+--------+--------+--------+--------+-----+--------+
         Total |   2776 |   2776 |      0 |      6 |   2234 |   3 |  925.3 |
       Dungeon |   2776 |   2776 |      0 |      6 |   2234 |   3 |  925.3 |
               +--------+--------+--------+--------+--------+-----+--------+

Top non-repeatable levels by time:
     D:1: 1838 daAuts
     D:2: 721 daAuts
     D:3: 216 daAuts
